 Dungeon Crawl Stone Soup version 0.21.1-1-g345015fe64 (webtiles) character file.

1 Balth the Thaumaturge (level 1, -3/17 HPs)
             Began as a Gnoll Wanderer on Apr 1, 2018.
             Slain by a leopard gecko (5 damage)
             ... on level 1 of the Dungeon.
             The game lasted 00:00:07 (32 turns).

Balth the Thaumaturge (Gnoll Wanderer)                Turns: 32, Time: 00:00:07

Health: -3/17      AC:  2    Str: 14    XL:     1   Next: 20%
Magic:  10/10      EV: 11    Int: 14    God:
Gold:   0          SH:  0    Dex: 14    Spells: 18/18 levels left

rFire    . . .     SeeInvis .   a - +2 dagger
rCold    . . .     Gourm    .   (no shield)
rNeg     . . .     Faith    .   e - +0 robe
rPois    .         Spirit   .   (no helmet)
rElec    .         Reflect  .   (no cloak)
rCorr    .         Harm     .   (no gloves)
MR       .....                  (no boots)
Stlth    +++.......             (no amulet)
HPRegen  0.05/turn              (no ring)
MPRegen  0.12/turn              (no ring)

@: no status effects
A: distributed training, fangs 1, strong nose
a: no special abilities


You were on level 1 of the Dungeon.
You were not hungry.

You visited 1 branch of the dungeon, and saw 1 of its levels.

Inventory:

Hand Weapons
 a - a +2 dagger (weapon)
Armour
 e - a +0 robe (worn)
Scrolls
 b - a scroll of blinking
Books
 c - the Incunabulum of the Arsonist

   Spells                             Type                      Level
   a - Flame Tongue                   Conjuration/Fire             1
   b - Conjure Flame                  Conjuration/Fire             3
 d - the Collected Works on Companions

   Spells                             Type                      Level
   a - Summon Butterflies             Summoning                    1
   b - Summon Guardian Golem          Hexes/Summoning              3
Comestibles
 f - a ration


   Skills:
 + Level 2.3 Fighting
 + Level 0.0 Short Blades
 + Level 0.0 Long Blades
 + Level 0.0 Axes
 + Level 0.0 Maces & Flails
 + Level 2.3 Polearms
 + Level 0.0 Staves
 + Level 0.0 Slings
 + Level 0.0 Bows
 + Level 0.0 Crossbows
 + Level 0.0 Throwing
 + Level 0.0 Armour
 + Level 0.0 Dodging
 + Level 4.0 Stealth
 + Level 2.3 Shields
 + Level 0.0 Unarmed Combat
 + Level 9.2 Spellcasting
 + Level 0.0 Conjurations
 + Level 0.0 Hexes
 + Level 0.0 Charms
 + Level 1.9 Summonings
 + Level 0.0 Necromancy
 + Level 0.0 Translocations
 + Level 0.0 Transmutations
 + Level 0.0 Fire Magic
 + Level 0.0 Ice Magic
 + Level 0.0 Air Magic
 + Level 0.0 Earth Magic
 + Level 0.0 Poison Magic
 + Level 0.0 Invocations
 + Level 0.0 Evocations


You had 18 spell levels left.
You didn't know any spells.

Dungeon Overview and Level Annotations

Branches:
Dungeon (1/15)

Altars:


Innate Abilities, Weirdness & Mutations

Your experience applies equally to all skills.
You have very sharp teeth.
Your uncanny sense of smell can sniff out nearby items.


Message History

The giant cockroach is lightly wounded.
The giant cockroach closely misses you. The leopard gecko bites you.
You hit the giant cockroach.
The giant cockroach is heavily wounded.
The giant cockroach bites you. The leopard gecko barely misses you.
You hit the giant cockroach.
You kill the giant cockroach!
The leopard gecko bites you but does no damage.
The leopard gecko misses you.
Found 2 red potions.
The leopard gecko barely misses you. The leopard gecko bites you.
You hit the leopard gecko.
The leopard gecko is severely wounded.
The leopard gecko bites you.
* * * LOW HITPOINT WARNING * * *
The leopard gecko bites you but does no damage.
You miss the leopard gecko.
The leopard gecko is severely wounded.
The leopard gecko bites you.
You die...

#....########.#
#....# #.# #....#
#.# #....# ##.##
#....# #...#
##....##### #...#
#.........###...##
#....l....##.....#
#....@....##..<..#
............##.....#
##!.........###...##
#..........# #...#
#..........# #...#
#..........+∆##.##
#..........# #.#
#..........# #.#


You could see a leopard gecko.

Vanquished Creatures
  A giant cockroach (D:1)
1 creature vanquished.

Notes
Turn   | Place    | Note
-------+----------+-------------------------------------------
     0 | D:1      | Reached skill level 9 in Spellcasting
     0 | D:1      | Balth the Gnoll Wanderer began the quest for the Orb.
     0 | D:1      | Balth set off with: a +2 dagger, a scroll of blinking, the Incunabulum of the Arsonist, the Collected Works on Companions, a +0 robe, a ration
     0 | D:1      | Reached XP level 1. HP: 17/17 MP: 10/10
    32 | D:1      | Slain by a leopard gecko

Skill      XL: | |
---------------+-+-----
Spellcasting   | |  9.2
Fighting       | |  2.3
Polearms       | |  2.3
Stealth        | |  4.0
Shields        | |  2.3
Summonings     | |  1.9

Action                   || total
-------------------------++-------
Melee: Dagger            ||     7
       Bite              ||     2
Armor: Robe              ||     4
Dodge: Dodged            ||     5
